 Dungeon Crawl Stone Soup version 0.19.0-11-g3fc08b3 (webtiles) character file.

94 mistymad the Ruffian (level 4, -1/38 HPs)
             Began as a Naga Transmuter on Nov 8, 2016.
             Slain by an orc
             ... wielding a +0 falchion
              (8 damage)
             ... on level 3 of the Dungeon.
             The game lasted 00:02:37 (1536 turns).

mistymad the Ruffian (Naga Transmuter)              Turns: 1536, Time: 00:02:38

Health: -1/38      AC:  2    Str: 12    XL:     4   Next: 63%
Magic:  0/8        EV: 10    Int: 15    God:
Gold:   81         SH:  0    Dex: 11    Spells: 3 memorised, 3 levels left

rFire  . . .     SeeInvis +       - Unarmed
rCold  . . .     Gourm    .     b - +0 robe
rNeg   . . .     Faith    .     (no shield)
rPois  +         Spirit   .     (no helmet)
rElec  .         Reflect  .     (no cloak)
rCorr  .         Harm     .     (no gloves)
MR     .....                    (no barding)
Stlth  +.........               (no amulet)
                                (no ring)
                                (no ring)

@: short of breath, appendage, very slightly contaminated, very slow
A: horns 2, see invisible, deformed body, poison resistance, slowness 2, slow
metabolism 1, spit poison 1, AC +1
a: Spit Poison, End Transformation


You were on level 3 of the Dungeon.
You were very hungry.
You had grown temporary horns.
You visited 1 branch of the dungeon, and saw 3 of its levels.

You collected 81 gold pieces.

Inventory:

Missiles
 a - 39 arrows
Armour
 b - a +0 robe (worn)
Scrolls
 f - 5 scrolls of amnesia {unknown}
 h - a scroll of teleportation {unknown}
 i - 4 scrolls of remove curse {unknown}
 n - a scroll of magic mapping {unknown}
 s - a scroll of identify {unknown}
Potions
 e - 3 potions of curing {unknown}
 g - a potion of mutation {unknown}
 k - a potion of lignification {unknown}
 l - 2 potions of cure mutation {unknown}
 p - a potion of brilliance {unknown}
 r - a potion of heal wounds {unknown}
Books
 c - a book of Changes

   Spells                             Type                      Level
   a - Beastly Appendage              Transmutation                1
   b - Sticks to Snakes               Transmutation                2
   c - Spider Form                    Transmutation/Poison         3
   d - Ice Form                       Ice/Transmutation            4
   e - Blade Hands                    Transmutation                5
Comestibles
 d - a bread ration
 j - a slice of pizza
 m - 4 fruits
 q - a beef jerky


   Skills:
 - Level 1.0 Fighting
 - Level 1.5 Dodging
 + Level 3.6 Unarmed Combat
 + Level 3.0 Spellcasting
 + Level 3.3 Transmutations


You had 3 spell levels left.
You knew the following spells:

 Your Spells              Type           Power        Failure   Level  Hunger
a - Beastly Appendage     Tmut           ##....       6%          1    #......
b - Sticks to Snakes      Tmut           ##......     10%         2    ##.....
c - Spider Form           Tmut/Pois      #.........   34%         3    ###....


Dungeon Overview and Level Annotations

Branches:
Dungeon (3/15)

Altars:
Xom


Innate Abilities, Weirdness & Mutations

You cannot wear boots.
Your serpentine skin is tough. (AC +1)
You have supernaturally acute eyesight. (SInv)
Armour fits poorly on your strangely shaped body.
Your system is resistant to poisons. (rPois)
You cover ground very slowly.
You have a slow metabolism.
You can spit poison.
You have a pair of horns on your head.


Message History

Unknown command.
Casting: Spider Form
Confirm with . or Enter, or press ? or * to list all spells.
You grow a pair of large bovine horns.
The orc priest hits you. The orc barely misses you.
The orc hits you with a falchion!
You take 13 damage, and have 14/38 hp.
MASSIVE DAMAGE!!
You now have 0/8 mp.
Unknown command.
You hit the orc priest. You headbutt the orc priest!
You kill the orc priest!
Your Spellcasting skill increases to level 3!
The orc barely misses you. The orc hits you with a falchion. x2
* * * LOW HITPOINT WARNING * * *
You take 4 damage, and have 10/38 hp.
You barely miss the giant cockroach. The giant cockroach barely misses you.
The orc hits you with a club.
* * * LOW HITPOINT WARNING * * *
The orc barely misses you.
The giant cockroach bites you but does no damage.
The orc hits you with a falchion!
You die...

.......# ).<....#
#........ .......#
##........ .......#
#......... .......#
#......... .......#
#......... ...[...#
#......... .......#
#oos...... ########
#.@o...... ......####
##........#
#####....#####.......#.#
####........!..#....
##...%......# ...
#..........# ..
#..........# .
#..........#
#..........#


You could see 3 orcs and a giant cockroach.

Vanquished Creatures
  An orc priest (D:3)
  2 adders
  A worm (D:2)
  3 dart slugs
  A leopard gecko (D:1)
  An orc (D:3)
  2 giant cockroaches (D:1)
  5 goblins
  3 hobgoblins
  2 quokkas (D:2)
  6 bats
  2 frilled lizards (D:2)
  5 kobolds
  4 rats (D:1)
38 creatures vanquished.

Notes
Turn   | Place    | Note
-------+----------+-------------------------------------------
     0 | D:1      | mistymad the Naga Transmuter began the quest for the Orb.
     0 | D:1      | Reached XP level 1. HP: 18/18 MP: 3/3
   191 | D:1      | Reached XP level 2. HP: 13/25 MP: 5/5
   437 | D:1      | Reached XP level 3. HP: 14/31 MP: 6/6
   441 | D:1      | Learned a level 2 spell: Sticks to Snakes
   445 | D:1      | Learned a level 3 spell: Spider Form
   711 | D:1      | Found a shimmering altar of Xom.
  1421 | D:3      | Reached XP level 4. HP: 29/38 MP: 3/8
  1536 | D:3      | Slain by an orc

Skill      XL: |  1  2  3  4 |
---------------+-------------+-----
Transmutations | 3 |  3.3
Spellcasting   | 3 |  3.0
Fighting       | |  1.0
Dodging        | |  1.5
Unarmed Combat | |  3.6

Action                   |  1- 3 |  4- 6 || total
-------------------------+-------+-------++-------
Melee: Unarmed           |   102 |    20 ||   122
       Headbutt          |       |     1 ||     1
 Cast: Spider Form       |     2 |     2 ||     4
       Beastly Appendage |       |     1 ||     1
 Abil: Spit Poison       |     4 |     1 ||     5
 Stab: Sleeping          |     1 |       ||     1
  Eat: Chunk             |     1 |       ||     1
Armor: Robe              |    19 |     1 ||    20
       Skin              |     3 |       ||     3
Dodge: Dodged            |    78 |    18 ||    96
